 Dungeon Crawl Stone Soup version 0.29.1-15-g9cfb28693d (webtiles) character file.

Game seed: 3234965823819604244

2788 raph the Destroyer (level 9, -1/52 HPs)
             Began as a Tengu Fire Elementalist on May 1, 2023.
             Was a Follower of Vehumet.
             Succumbed to a hornet's poison
             ... on level 8 of the Dungeon.
             The game lasted 00:11:04 (8751 turns).

raph the Destroyer (Tengu Fire Elementalist)        Turns: 8751, Time: 00:11:05

Health: -1/52      AC:  4    Str:  9    XL:     9   Next: 71%
Magic:  2/25       EV: 18    Int: 20    God:    Vehumet [*.....]
Gold:   346        SH:  0    Dex: 20    Spells: 3/16 levels left

rFire   . . .      SeeInvis .   q - +1 great sword
rCold   . . .      Faith    .   (shield currently unavailable)
rNeg    . . .      Spirit   .   a - +0 robe
rPois   +          Reflect  .   (helmet restricted)
rElec   .          Harm     .   p - +1 cloak {rPois}
rCorr   .          Rampage  .   (no gloves)
Will    .....                   (boots unavailable)
Stlth   ++........              n - amulet of magic regeneration
HPRegen 0.17/turn               l - +6 ring of dexterity
MPRegen 0.59/turn               m - ring of magical power

@: lethally poisoned (-1 -> -13), flying quickly and evasively, quick
A: beak, talons 3, nimble flight
a: Renounce Religion


You were on level 8 of the Dungeon.
You worshipped Vehumet.
Vehumet was aware of your devotion.
You visited 2 branches of the dungeon, and saw 9 of its levels.

You collected 346 gold pieces.

Inventory:

Hand Weapons
 i - a +0 short sword
 q - a +1 great sword (weapon)
 z - a +2 shortbow of flaming
Missiles
 e - 4 boomerangs
 h - 10 poisoned darts
 y - a curare-tipped dart
Armour
 a - a +0 robe (worn)
 p - a +1 cloak of poison resistance (worn)
Jewellery
 l - a +6 ring of dexterity (left hand)
 m - a ring of magical power (right hand)
 n - an amulet of magic regeneration (around neck)
 r - a ring of willpower
 w - a ring of magical power
Wands
 t - a wand of flame (23)
Scrolls
 g - 4 scrolls of teleportation
Potions
 b - 2 potions of magic
 c - 2 potions of invisibility
 d - 3 potions of curing
 f - 2 potions of brilliance
 j - a potion of mutation {unknown}
 k - a potion of might {unknown}
 o - 2 potions of lignification
 s - 2 potions of heal wounds
 u - 2 potions of ambrosia
 x - a potion of haste {unknown}
 B - a potion of resistance {unknown}


   Skills:
 + Level 4.2 Fighting
 + Level 5.4 Dodging
 - Level 2.0 Stealth
 + Level 4.4 Spellcasting
 * Level 9.7 Conjurations
 * Level 8.8 Fire Magic


You had 3 spell levels left.
You knew the following spells:

 Your Spells              Type           Power      Damage    Failure   Level
a - Foxfire               Conj/Fire      100%       2x1d9     1%          1
b - Scorch                Fire           78%        2d8       1%          2
c - Conjure Flame         Conj/Fire      41%        6-21      1%          3
d - Inner Flame           Hex/Fire       22%        N/A       6%          3
e - Flame Wave            Conj/Fire      41%        2d11      2%          4

Your spell library contained the following spells:

 Spells                   Type           Power      Damage    Failure   Level
 Shock                    Conj/Air       92%        1d8       1%          1
 Apportation              Tloc           8%         N/A       12%         1
 Necrotise                Necr           16%        1d4       12%         1
 Sting                    Tmut/Pois      16%        1d3       12%         1
 Summon Small Mammal      Summ           16%        N/A       12%         1
 Poisonous Vapours        Pois/Air       8%         N/A       19%         2
 Sublimation of Blood     Necr           4%         N/A       19%         2
 Ozocubu's Armour         Ice            4%         N/A       36%         3
 Irradiate                Conj/Tmut      11%        3d15      43%         5
 Olgreb's Toxic Radiance  Pois           4%         N/A       77%         4
 Petrify                  Tmut/Erth      4%         N/A       77%         4
 Ozocubu's Refrigeration  Ice            2%         4d7       100%        7


Dungeon Overview and Level Annotations

Branches:
Dungeon (8/15)             Temple (1/1) D:6
   Lair: D:8-11

Altars:
Cheibriados
Dithmenos
Elyvilon
Fedhas
Gozag
Hepliaklqana
Kikubaaqudgha
Makhleb
Nemelex Xobeh
Ru
Trog
Uskayaw
Vehumet
Wu Jian
Xom
Yredelemnul

Annotations:
D:3 3 runed translucent doors, MrCrawl's ghost, amateur DsNe; diceflayer's ghost, amateur DsHu; raph's ghost, amateur HOFi
D:7 2 exclusions


Innate Abilities, Weirdness & Mutations

You have a beak for a mouth.
You have claws for feet.
Your magical nature lets you fly swiftly and evasively.


Message History

Vehumet accepts your kill.
The flame wave engulfs the orc wizard!
You kill the orc wizard!
Vehumet accepts your kill. (Press . to intensify the flame waves.)
A hornet comes into view.
Your life force feels restored.
A wave of flame ripples out!
The orc priest calls down the wrath of Beogh upon you.
Pain shoots through your body!
A wave of flame ripples out!
You finish channelling waves of flame.
Casting: Flame Wave (dangerous; 2% risk of failure)
Confirm with . or Enter, or press ? or * to list all spells.
Flames lash the hornet.
The hornet is moderately wounded.
The hornet's fire resistance burns away.
Casting: Scorch (safe; 1% risk of failure)
Confirm with . or Enter, or press ? or * to list all spells.
Casting: Flame Wave (dangerous; 2% risk of failure)
Press: ? - help, Dir - look around, f - activate A wave of flame ripples out! (Press . to intensify the flame waves.)
The hornet stings you!
A wave of flame ripples out!
The flame wave engulfs the hornet!
The hornet is burned terribly!
The hornet is heavily wounded.
The flame wave engulfs the orc priest!
The orc priest is severely wounded.
The hornet stings you!
* * * LOW HITPOINT WARNING * * *
You are lethally poisoned!
An orc comes into view. It is wielding a +0 hand axe.
A wave of flame ripples out!
The flame wave engulfs the hornet.
The hornet is burned terribly!
The hornet is severely wounded.
The flame wave engulfs the orc priest!
You kill the orc priest!
Vehumet accepts your kill.
You finish channelling waves of flame.
You die...

#. ##.## ##
#..... ## #<.
#...##.
...#...#..
#..#...#.
####....)#####
........y@)..###
......8)........#
......)......##..
.###..)).#####
#..#..)#..## #..
#...#...# #>
#...##.<#
#?..o##### ##..##


You could see a hornet (combustible) and an orc.

Vanquished Creatures
  Sigmund (D:2)
  Edmund (D:6)
  A water moccasin (D:6)
  2 ice beasts
  An orc warrior (D:7)
  An ogre (D:7)
  A centaur (D:5)
  A phantom (D:5)
  A kobold brigand (D:6)
  3 scorpions (D:5)
  8 wights
  6 killer bees (D:7)
  2 howler monkeys
  4 jellies
  An orc priest (D:8)
  Ijyb (D:3)
  5 hounds
  Crazy Yiuf (D:2)
  Jessica (D:3)
  4 iguanas
  7 orc wizards
  A mummy (D:3)
  Robin (D:4)
  3 gnolls (D:5)
  5 adders
  A white imp (D:6)
  An ufetubus (D:5)
  2 adder skeletons (D:2)
  2 worms
  2 dart slugs
  24 orcs
  8 ball pythons
  4 bats
  6 endoplasms
  A giant cockroach (D:2)
  12 goblins
  5 hobgoblins
  4 jackals (D:5)
  3 quokkas
  2 ball python skeletons (D:2)
  A ball python zombie (D:2)
  A frilled lizard (D:2)
  A giant cockroach zombie (D:2)
  A jackal skeleton (D:2)
  8 kobolds
  5 rats
157 creatures vanquished.

Vanquished Creatures (collateral kills)
  5 foxfires (D:2)
5 creatures vanquished.

Vanquished Creatures (others)
  405 foxfires
  2 fungi (D:2)
  3 withered plants (D:3)
410 creatures vanquished.

Grand Total: 572 creatures vanquished

Notes
Turn   | Place    | Note
-------+----------+-------------------------------------------
     0 | D:1      | raph the Tengu Fire Elementalist began the quest for the
                  | Orb.
     0 | D:1      | Reached XP level 1. HP: 10/10 MP: 4/4
   119 | D:1      | Found a faded altar of an unknown god.
   691 | D:1      | Reached skill level 2 in Conjurations
  1126 | D:2      | Reached XP level 2. HP: 15/15 MP: 3/6
  1180 | D:2      | Learned a level 2 spell: Scorch
  1646 | D:2      | Reached XP level 3. HP: 19/19 MP: 7/7
  1650 | D:2      | Learned a level 3 spell: Conjure Flame
  1720 | D:2      | Reached skill level 3 in Conjurations
  1994 | D:2      | Noticed Sigmund
  2233 | D:2      | Found a runed translucent door.
  2234 | D:2      | Noticed Crazy Yiuf
  2241 | D:2      | Killed Crazy Yiuf
  2242 | D:2      | Reached XP level 4. HP: 20/24 MP: 8/8
  2400 | D:3      | Reached skill level 4 in Conjurations
  2774 | D:3      | Noticed Ijyb
  2786 | D:3      | Killed Ijyb
  2787 | D:3      | Reached skill level 5 in Fire Magic
  2787 | D:3      | Gained mutation: Your magical nature lets you fly swiftly
                  | and evasively. [Tengu growth]
  2787 | D:3      | Reached XP level 5. HP: 10/28 MP: 9/9
  3100 | D:3      | Noticed Jessica
  3114 | D:3      | Killed Jessica
  3115 | D:3      | Reached skill level 5 in Conjurations
  3203 | D:3      | Found a snail-covered altar of Cheibriados.
  3585 | D:3      | Found a runed translucent gate.
  3585 | D:3      | Found a runed translucent gate.
  3585 | D:3      | Found a runed translucent gate.
  3585 | D:3      | Noticed MrCrawl's ghost (amateur DsNe)
  3586 | D:3      | Noticed raph's ghost (amateur HOFi)
  3586 | D:3      | Noticed diceflayer's ghost (amateur DsHu)
  3896 | D:4      | Reached XP level 6. HP: 32/32 MP: 10/10
  3912 | D:4      | Noticed Robin
  3916 | D:4      | Killed Robin
  3918 | D:4      | Noticed an ice beast
  3924 | D:4      | Killed an ice beast
  4158 | D:4      | Reached skill level 1 in Fighting
  4310 | D:4      | Noticed a +0 dagger
  4310 | D:4      | Noticed a +0 dagger
  4312 | D:4      | Found a hide-covered altar of Uskayaw.
  4341 | D:4      | Reached skill level 6 in Conjurations
  4469 | D:4      | Found a blossoming altar of Fedhas.
  4565 | D:5      | Entered Level 5 of the Dungeon
  4631 | D:5      | Learned a level 3 spell: Inner Flame
  4633 | D:5      | Noticed an ice beast
  4641 | D:5      | Killed an ice beast
  4642 | D:5      | Reached XP level 7. HP: 38/38 MP: 11/11
  5355 | D:5      | Found an ornate altar of the Wu Jian Council.
  5372 | D:5      | Reached skill level 7 in Conjurations
  5372 | D:5      | Reached XP level 8. HP: 44/44 MP: 13/13
  6212 | D:5      | Learned a level 4 spell: Flame Wave
  6294 | D:6      | Noticed Edmund
  6307 | D:6      | Killed Edmund
  6308 | D:6      | Reached skill level 8 in Conjurations
  6631 | D:6      | Reached XP level 9. HP: 51/51 MP: 15/15
  6898 | D:6      | Found a staircase to the Ecumenical Temple.
  6907 | Temple   | Entered the Ecumenical Temple
  6963 | Temple   | Became a worshipper of Vehumet
  7336 | D:7      | Noticed a two-headed ogre
  8199 | D:7      | Reached skill level 9 in Conjurations
  8200 | D:7      | Reached skill level 5 in Dodging
  8573 | D:2      | Killed Sigmund
  8742 | D:8      | Reached * piety under Vehumet
  8742 | D:8      | Offered knowledge of Shock by Vehumet.
  8745 | D:8      | Noticed a hornet
  8750 | D:8      | HP: 1/52 [hornet (15)]
  8751 | D:8      | Succumbed to a hornet's poison

Illustrated notes

Levels and vault maps discovered:
D:1:      saegor_arrival_under_anarchy, layout_loops_cross,
          basic_ecumenical_altar
D:2:      layout_loops_ring, serial_undead, serial_undead_b, serial_undead_c,
          serial_undead_f, serial_undead_a, uniq_crazy_yiuf_cottage,
          uniq_sigmund
D:3:      layout_loops_cross, chei_slow_surprise, gammafunk_ghost_cemetery,
          minmay_cupped, uniq_jessica, uniq_ijyb
D:4:      layout_cave_pools, dancing_weapons_uskayaw, fedhas_altar_4, uniq_robin
D:5:      layout_loops_cross, nicolae_wu_jian_wuxing_cycle
D:6:      layout_gridville, temple_hall, uniq_edmund
D:7:      kennysheep_windowed_halls, layout_loops_corners
D:8:      layout_basic, minmay_overflow_temple_star_quad, lemuel_blue_sif_altar,
          serial_corexii_hall, corexii_hall_statues_l, corexii_hall_statues_l,
          solitary_fountain, grunt_ministairs_6, corexii_hall_statues_i
Temple:   nicolae_temple_ecumenical_triangle

Skill      XL: |  1  2  3  4  5  6  7  8  9 |
---------------+----------------------------+-----
Conjurations   | 2 3 4 5 6 7 8 9 |  9.7
Fire Magic     | 4 5 6 7 8 |  8.8
Fighting       | 1 2 3 4 |  4.2
Dodging        | 3 4 5 |  5.4
Spellcasting   | 3 4 |  4.4
Stealth        | |  2.0

Action                   |  1- 3 |  4- 6 |  7- 9 || total
-------------------------+-------+-------+-------++-------
Melee: Unarmed           |     4 |       |       ||     4
       Short sword       |     8 |     1 |       ||     9
       Kick              |     3 |       |     1 ||     4
       Peck              |     1 |       |     1 ||     2
       Great sword       |       |       |     4 ||     4
 Cast: Foxfire           |    40 |   100 |   105 ||   245
       Scorch            |    15 |    15 |    42 ||    72
       Conjure Flame     |       |     1 |     2 ||     3
       Inner Flame       |       |       |     6 ||     6
       Flame Wave        |       |       |    11 ||    11
  Use: Scroll            |     2 |     8 |     6 ||    16
Armor: Robe              |    14 |     3 |     7 ||    24
Dodge: Dodged            |    38 |    16 |    49 ||   103
